Map: Acropolis LE

Players

Namshar - Winner!

  • Race: Zerg Zerg
  • Spawn Location: 5:00

Zanster

  • Race: Zerg Zerg
  • Spawn Location: 11:00

Event: 2019 WCS Summer

VOD

Have the link to the VOD?

Description

Time

  • Played on: July 12, 2019, 10:34 a.m.
  • Length: 14:07

All games in this series

Show
View Real Time Build Order
Export as new Build Order

Namshar Zerg - Winner!

Build Orders: Hatch First 

Get SALT Encoding   

  12  0:00  Drone  
  13  0:12  Overlord  
  13  0:17  Drone  
  14  0:33  Drone x2  
  16  0:47  Hatchery  
  15  0:51  Drone  
  15  0:54  Drone  
  17  0:58  Drone  
  18  1:08  Extractor  
  17  1:13  Spawning Pool  
  17  1:16  Drone  
  17  1:19  Drone  
  18  1:28  Drone  
  19  1:38  Drone  
  20  1:49  Drone  
  21  1:59  Drone  
  21  2:00  Queen x2, Overlord  
  26  2:08  Metabolic Boost  
  26  2:10  Drone  
  26  2:11  Drone  
  28  2:20  Drone  
  28  2:21  Drone  
  30  2:32  Drone x2  
  30  2:36  Hatchery  
  31  2:42  Drone  
  32  2:45  Drone  
  32  2:48  Baneling Nest  
  32  2:53  Overlord  
  32  2:55  Drone  
  33  3:04  Drone  
  34  3:08  Drone  
  34  3:09  Drone  
  34  3:11  Queen  
  34  3:12  Drone  
  39  3:13  Overlord  
  39  3:14  Zergling x2  
  39  3:15  Zergling x2  
  39  3:17  Drone  
  42  3:20  Zergling x2  
  42  3:25  Evolution Chamber  
  42  3:29  Drone  
  42  3:30  Overlord  
  43  3:36  Zergling x2  
  43  3:37  Baneling x2  
  43  3:38  Zergling x2  
  43  3:39  Baneling x2  
  45  3:43  Zergling x8  
  49  3:51  Zergling x8  
  52  4:07  Drone x4  
  52  4:09  Extractor  
  55  4:10  Extractor  
  55  4:13  Overlord  
  55  4:15  Drone x4  
  58  4:18  Lair  
  58  4:24  Drone x3  
  60  4:25  Roach Warren  
  60  4:30  Overlord  
  61  4:31  Drone x3  
  61  4:36  Drone  
  61  4:37  Drone  
  64  4:43  Drone x4  
  66  4:46  Zerg Missile Weapons Level 1  
  66  4:49  Extractor  
  66  4:50  Extractor, Overlord  
  63  4:55  Drone x5  
  67  5:01  Queen  
  67  5:04  Queen  
  71  5:07  Baneling x2  
  71  5:13  Roach x3  
  77  5:26  Roach x3  
  80  5:29  Glial Reconstitution  
  78  5:40  Roach x5  
  86  5:53  Drone x3, Overlord x2  
  86  5:54  Overlord x2  
  89  6:03  Nydus Network  
  88  6:11  Drone, Overlord x2  
  89  6:12  Overlord  
  89  6:15  Roach x7  
  103  6:29  Roach x7  
  110  6:42  Nydus Canal  
  110  6:46  Ravager  
  109  6:48  Roach x8  
  109  6:52  Roach  
  121  6:55  Nydus Canal  
  121  6:57  Roach x2  
  112  7:08  Nydus Canal  
  112  7:12  Roach x8  
  126  7:19  Queen  
  126  7:24  Roach x4  
  126  7:26  Nydus Canal  
  133  7:34  Roach x2  
  133  7:36  Burrow  
  137  7:47  Roach x4  
  137  7:49  Drone x2  
  125  7:53  Nydus Canal  
  123  8:03  Roach x7  
  133  8:09  Nydus Canal  
  133  8:12  Queen  
  127  8:13  Drone x3  
  96  8:28  Drone  
  96  8:29  Drone x4  
  96  8:33  Queen  
  97  8:34  Infestation Pit  
  96  8:47  Spore Crawler  
  87  8:49  Spore Crawler  
  87  8:50  Spore Crawler  
  87  8:51  Spore Crawler  
  87  8:52  Tunneling Claws, Roach x3  
  87  8:53  Spore Crawler  
  77  8:59  Roach  
  77  9:00  Roach x5  
  89  9:05  Extractor  
  89  9:08  Drone x2  
  89  9:09  Drone  
  91  9:14  Roach  
  91  9:21  Queen  
  89  9:27  Zerg Missile Weapons Level 2  
  89  9:28  Pathogen Glands  
  89  9:29  Drone  
  89  9:30  Drone x2, Queen  
  92  9:32  Drone x2  
  92  9:33  Spore Crawler  
  92  9:37  Drone x3  
  96  9:39  Spore Crawler  
  96  9:43  Nydus Canal  
  96  9:45  Drone, Queen  
  95  9:50  Drone x2  
  97  9:53  Spore Crawler  
  96  10:01  Infestor  
  96  10:02  Infestor x2  
  96  10:06  Hatchery  
  97  10:10  Roach x2  
  95  10:15  Nydus Canal  
  95  10:18  Infestor  
  95  10:19  Infestor  
  99  10:22  Hydralisk Den  
  99  10:23  Drone  
  99  10:24  Evolution Chamber  
  98  10:32  Infestor x2  
  98  10:33  Infestor  
  104  10:36  Overlord x3  
  100  10:46  Overlord x2  
  100  10:47  Overlord  
  100  10:49  Spore Crawler  
  99  10:50  Zerg Ground Armor Level 1  
  99  10:51  Grooved Spines  
  99  10:52  Hive  
  93  11:10  Roach  
  93  11:11  Roach x8  
  111  11:31  Hydralisk x8  
  127  11:44  Queen  
  127  11:52  Drone  
  127  11:53  Drone x8  
  136  11:57  Hydralisk x3  
  142  12:03  Muscular Augments  
  142  12:07  Hydralisk x3  
  142  12:08  Roach x2  
  152  12:20  Extractor  
  152  12:21  Drone x3, Extractor  
  152  12:22  Spore Crawler  
  152  12:25  Hydralisk x2  
  152  12:26  Roach x2  
  160  12:30  Lurker Den  
  160  12:31  Drone  
  160  12:32  Roach x6  
  160  12:38  Overlord x2  
  160  12:54  Overlord  
  160  12:58  Drone  
  160  13:01  Spine Crawler  
  160  13:08  Overseer x3, Roach x2  
  160  13:09  Pneumatized Carapace  
  160  13:10  Hydralisk  
  160  13:11  Roach x8  
  176  13:18  Roach  
  176  13:19  Roach x4  
  178  13:23  Overlord x2  
  176  13:32  Overlord  
  176  13:33  Viper x2  
  178  13:36  Viper  
  181  13:42  Roach x4  
  181  13:48  Drone x3  
Show
View Real Time Build Order
Export as new Build Order

Zanster Zerg 

Build Orders: Hatch First 

Get SALT Encoding   

  12  0:00  Drone  
  13  0:12  Overlord  
  13  0:17  Drone  
  14  0:31  Drone x2  
  16  0:49  Hatchery  
  15  0:51  Drone  
  15  0:55  Drone  
  17  0:58  Drone  
  18  1:09  Extractor  
  17  1:15  Spawning Pool  
  17  1:16  Drone  
  17  1:19  Drone  
  18  1:28  Drone  
  19  1:39  Drone  
  20  1:51  Drone  
  21  2:01  Queen  
  21  2:02  Drone, Overlord  
  21  2:03  Queen  
  26  2:08  Metabolic Boost  
  26  2:11  Drone  
  26  2:12  Drone  
  28  2:17  Evolution Chamber  
  27  2:23  Drone x2  
  29  2:35  Drone x2  
  31  2:43  Hatchery  
  30  2:47  Zerg Melee Weapons Level 1  
  30  2:50  Drone  
  31  2:52  Drone  
  31  2:55  Overlord  
  32  3:07  Baneling Nest  
  32  3:12  Zergling x2  
  32  3:13  Zergling x8  
  32  3:14  Zergling x2  
  32  3:15  Zergling x2  
  32  3:18  Zergling x2  
  39  3:22  Drone  
  39  3:23  Drone  
  39  3:24  Drone  
  42  3:31  Overlord  
  42  3:33  Overlord  
  42  3:40  Drone  
  42  3:41  Drone  
  44  3:48  Queen  
  44  3:53  Drone  
  44  3:55  Drone x5  
  50  4:07  Zergling x4  
  50  4:08  Drone x2  
  51  4:17  Zergling x14  
  51  4:20  Extractor  
  51  4:22  Queen  
  59  4:26  Baneling x2  
  59  4:31  Overlord  
  59  4:37  Zergling x8  
  61  4:41  Overlord  
  61  4:42  Zerg Ground Armor Level 1  
  61  4:49  Drone x6  
  67  4:53  Drone x3  
  67  4:56  Drone  
  71  5:00  Drone  
  71  5:01  Baneling  
  71  5:02  Drone  
  73  5:08  Lair  
  73  5:12  Baneling x2  
  73  5:17  Overlord  
  72  5:24  Drone x9  
  81  5:29  Overlord  
  79  5:35  Zergling x2  
  79  5:40  Extractor  
  79  5:41  Extractor  
  75  5:44  Zergling x16  
  75  5:47  Hatchery  
  75  5:48  Extractor  
  80  5:51  Extractor  
  80  5:53  Zergling x4  
  80  5:54  Overlord  
  81  6:04  Zergling x4  
  81  6:10  Spire  
  81  6:13  Zergling x16  
  81  6:17  Overlord  
  89  6:19  Zergling x6  
  89  6:28  Overlord  
  89  6:30  Zergling x2  
  89  6:31  Baneling, Zergling x2  
  89  6:32  Baneling x2  
  89  6:40  Zergling x12  
  92  6:53  Spine Crawler  
  92  6:54  Spine Crawler  
  85  6:55  Spine Crawler x2  
  85  6:57  Zergling x14  
  84  7:03  Zergling x4  
  84  7:13  Overlord  
  84  7:21  Mutalisk  
  84  7:22  Mutalisk x10  
  106  7:25  Zergling x2  
  106  7:29  Zergling x4  
  106  7:34  Zergling x2  
  106  7:40  Zergling x4  
  98  7:47  Mutalisk  
  98  7:50  Mutalisk x3  
  91  7:53  Zergling x16  
  90  8:03  Mutalisk x2  
  74  8:17  Drone x4  
  74  8:18  Drone  
  66  8:22  Drone  
  66  8:29  Drone  
  65  8:36  Drone  
  65  8:39  Drone  
  65  8:40  Drone  
  66  8:53  Drone x4  
  69  8:56  Overseer  
  69  9:02  Drone x2  
  72  9:09  Drone  
  70  9:18  Drone x6  
  70  9:22  Drone  
  77  9:33  Mutalisk x3  
  77  9:35  Drone  
  77  9:37  Drone  
  77  9:38  Drone x2  
  86  9:40  Drone  
  86  9:50  Drone x5  
  86  9:51  Drone  
  90  10:00  Mutalisk  
  92  10:07  Mutalisk x2  
  96  10:14  Pneumatized Carapace  
  96  10:18  Queen  
  96  10:20  Mutalisk x3  
  104  10:27  Zerg Flyer Weapons Level 1  
  104  10:34  Overseer x2  
  101  10:37  Drone x5  
  101  10:38  Drone  
  101  10:41  Drone  
  107  10:48  Queen  
  109  10:51  Overlord  
  109  10:53  Drone x2  
  111  11:04  Overseer  
  111  11:05  Mutalisk x3  
  111  11:07  Drone  
  118  11:12  Drone x3  
  118  11:13  Drone  
  110  11:26  Mutalisk x4  
  110  11:31  Mutalisk x2  
  92  11:48  Drone x9  
  92  11:50  Mutalisk  
  99  11:54  Hydralisk Den  
  98  12:03  Mutalisk x2  
  98  12:05  Hatchery  
  101  12:16  Evolution Chamber  
  101  12:18  Overlord x2  
  101  12:20  Zergling x6  
  103  12:29  Lurker Den, Overlord x2  
  102  12:36  Hydralisk x8  
  116  12:40  Overlord  
  118  12:50  Hydralisk x2  
  118  12:51  Hydralisk  
  124  13:09  Drone x2  
  126  13:15  Hatchery  
  126  13:18  Hatchery  
  123  13:20  Overlord  
  123  13:27  Hydralisk x4  
Tags
 
Add a new tag
Caveats
  • Supply blocks, unpowered buildings, or Contaminate may cause inaccurate times.
  • Supply counts are checked every 10 seconds.